[Event "NJSK 2018 Jeugd A"]
[Site "Assen, Netherlands"]
[Date "2018.05.02"]
[Round "4.3"]
[White "Reichardt, Robin"]
[Black "Schoppen, Casper"]
[Result "0-1"]
[TimeControl "40/90m+30m+30sec/move"]
[WhiteElo "1936"]
[BlackElo "2396"]

1. d4 Nf6 2. c4 g6 3. Nc3 d5 4. Nf3 Bg7 5. Bf4 O-O 6. e3 c5 7. dxc5 Qa5 8. Be2 Ne4 9. O-O Nxc3 10.
bxc3 dxc4 11. Bxc4 Qxc5 12. Qd5 Nd7 13. Qxc5 Nxc5 14. Be5 Bxe5 15. Nxe5 Be6 16. Bxe6 Nxe6 17. Rfd1 Rfd8 18. Kf1 f6 19.
Nf3 Nc5 20. Nd4 Rac8 21. Rac1 Na4 22. Ne2 e5 23. Ke1 Nb2 24. Rxd8+ Rxd8 25. Kf1 Rd2 26. Ke1 Nc4 27. f4 Rxa2 28.
Kf2 Kf7 29. Rb1 Rb2 30. Ra1 a5 31. Ra4 b5 0-1

[Event "NJSK 2018 Jeugd A"]
[Site "Assen, Netherlands"]
[Date "2018.05.02"]
[Round "4.4"]
[White "Pols, Wiggert"]
[Black "Mesman, Edwyn"]
[Result "1-0"]
[TimeControl "40/90m+30m+30sec/move"]
[WhiteElo "2068"]
[BlackElo "2082"]

1. Nf3 Nf6 2. g3 d5 3. Bg2 e6 4. O-O Be7 5. d4 O-O 6. c4 dxc4 7. Qc2 a6 8. a4 Bd7 9. Rd1 Bc6 10.
Nc3 a5 11. e4 Na6 12. Ne5 Nb4 13. Qe2 Qe8 14. Qxc4 Rc8 15. Qe2 b6 16. Nxc6 Qxc6 17. d5 exd5 18. e5 Nd7 19. Nxd5 Nxd5 20.
Bxd5 Qc5 21. Be3 Qb4 22. Rd4 Qc5 23. Rc1 1-0

[Event "NJSK 2018 Jeugd A"]
[Site "Assen, Netherlands"]
[Date "2018.05.02"]
[Round "4.5"]
[White "De Boer, Bas"]
[Black "Van Dael, Siem"]
[Result "1-0"]
[TimeControl "40/90m+30m+30sec/move"]
[WhiteElo "2159"]
[BlackElo "2268"]

1. d4 d5 2. c4 c6 3. Nf3 Nf6 4. Nc3 e6 5. e3 Nbd7 6. Qc2 Bd6 7. Bd3 dxc4 8. Bxc4 b5 9. Be2 Bb7 10.
O-O O-O 11. Rd1 Qc7 12. e4 e5 13. Bg5 a6 14. dxe5 Bxe5 15. Nxe5 Qxe5 16. Be3 b4 17. Na4 c5 18. f3 Rac8 19.
Bc4 Bc6 20. b3 Rfe8 21. Qf2 Bb5 22. Rac1 Bxa4 23. bxa4 Rc6 24. g3 Qe7 25. Bf1 Rec8 26. Bh3 c4 27. e5 Nxe5 28. Bxc8 Rxc8 29.
Bd4 Qc7 30. Bxe5 Qxe5 31. Qd4 Qe2 32. Re1 Qxa2 33. Qb6 Qd2 34. Rcd1 1-0

[Event "NJSK 2018 Jeugd A"]
[Site "Assen, Netherlands"]
[Date "2018.05.02"]
[Round "4.6"]
[White "Jongste, David"]
[Black "Nguyen, Kevin"]
[Result "0-1"]
[TimeControl "40/90m+30m+30sec/move"]
[WhiteElo "2092"]
[BlackElo "2122"]

1. e4 c5 2. Nf3 g6 3. c4 Nc6 4. d4 cxd4 5. Nxd4 Nf6 6. Nc3 d6 7. Be2 Nxd4 8. Qxd4 Bg7 9. Be3 O-O 10.
Qd2 a5 11. O-O a4 12. f3 Qa5 13. Rfc1 Be6 14. Rab1 Rfc8 15. b4 axb3 16. axb3 Qb4 17. Bf1 Ra3 18. Na4 Qxd2 19. Bxd2 Ra2 20.
Be3 Nd7 21. Nc3 Bxc3 22. Rxc3 b5 23. Rbc1 b4 24. R3c2 Ra3 25. Rb2 Nc5 26. Bxc5 dxc5 27. Rd1 f6 28. Kf2 Kf7 29. Ke3 Rca8 30.
Be2 Ra2 31. Rxa2 Rxa2 32. Rd2 Ra1 33. Rd1 Ra3 34. Rd3 g5 35. g3 Ra1 36. Rd1 Ra3 37. Rd3 h5 38. Bd1 Kg6 39. f4 Bg4 40.
Bc2 Ra1 41. Rd2 gxf4+ 42. gxf4 e5 43. fxe5 fxe5 44. Rd6+ Kg5 45. Rd5 Re1+ 46. Kd2 Re2+ 47. Kc1 Kf4 48. Rxc5 Rxh2 49. Rc7 h4 50.
Rf7+ Ke3 51. c5 h3 52. c6 Rh1+ 53. Kb2 Rg1 54. Rh7 Rg2 55. c7 h2 56. Rh4 Bc8 57. Rh8 Bb7 58. Rh3+ Kf2 59.
Rh8 Kg1 60. Rb8 h1=Q 61. Rxb7 Rxc2+ 0-1

[Event "NJSK 2018 Jeugd A"]
[Site "Assen, Netherlands"]
[Date "2018.05.02"]
[Round "4.7"]
[White "Bekedam, Tyro"]
[Black "Van der Werf, Joel"]
[Result "1-0"]
[TimeControl "40/90m+30m+30sec/move"]
[WhiteElo "1955"]
[BlackElo "1842"]

1. e4 e5 2. Nf3 Nc6 3. Bb5 a6 4. Ba4 Nf6 5. O-O Be7 6. Re1 b5 7. Bb3 d6 8. c3 O-O 9. h3 Na5 10.
Bc2 c5 11. d4 Nd7 12. Nbd2 exd4 13. cxd4 Nc6 14. d5 Nce5 15. a4 Bb7 16. Nxe5 Nxe5 17. f4 Ng6 18. Nf3 Re8 19. Be3 Rc8 20.
Qd2 Rb8 21. axb5 axb5 22. b4 c4 23. Nd4 Qd7 24. Ra5 Ba8 25. Nxb5 Bd8 26. Ra7 Bb7 27. Ba4 Rxe4 28. Nc3 Qe7 29.
Nxe4 Qxe4 30. Bf2 Qf5 31. Re8+ Nf8 32. Rxd8 Rxd8 33. Rxb7 Qb1+ 34. Kh2 Ra8 35. Ra7 1-0

[Event "NJSK 2018 Jeugd A"]
[Site "Assen, Netherlands"]
[Date "2018.05.02"]
[Round "4.8"]
[White "Kanbier, Max"]
[Black "Gijsen, William"]
[Result "1/2-1/2"]
[TimeControl "40/90m+30m+30sec/move"]
[WhiteElo "1857"]
[BlackElo "1825"]

1. f4 d5 2. Nf3 c5 3. g3 Nc6 4. Bg2 g6 5. O-O Bg7 6. d3 Nf6 7. Nc3 O-O 8. e4 e6 9. e5 Nd7 10.
Qe2 a6 11. Nd1 f6 12. Bh3 Re8 13. exf6 Nxf6 14. Nh4 Qd6 15. g4 b6 16. Qf2 Rf8 17. f5 exf5 18. gxf5 Ne8 19. Qg2 Bxf5 20.
Bxf5 gxf5 21. Nxf5 Qg6 22. Nh6+ 1/2-1/2

[Event "NJSK 2018 Jeugd A"]
[Site "Assen, Netherlands"]
[Date "2018.05.02"]
[Round "4.9"]
[White "Bueno, Mark"]
[Black "Van Hoorn, Geert"]
[Result "0-1"]
[TimeControl "40/90m+30m+30sec/move"]
[WhiteElo "1999"]
[BlackElo "2008"]

1. e4 c5 2. Nf3 d6 3. d4 cxd4 4. Nxd4 Nf6 5. Nc3 g6 6. Be3 Bg7 7. f3 O-O 8. Bc4 Nc6 9. Qd2 Bd7 10.
O-O-O Rc8 11. Bb3 Nxd4 12. Bxd4 b5 13. h4 a5 14. a4 bxa4 15. Nxa4 Bxa4 16. Bxa4 Rc4 17. Bb3 Nxe4 18. Qe1 Rxd4 19.
Rxd4 Bxd4 20. Qxe4 Qb6 21. h5 a4 22. hxg6 axb3 23. gxf7+ Rxf7 24. Qg4+ Bg7 25. Qc8+ Rf8 26. Qe6+ Kh8 27.
Rxh7 Kxh7 28. Qe4 Kh8 29. Qh4 Kg8 30.
Qc4+ d5 0-1

[Event "NJSK 2018 Jeugd A"]
[Site "Assen, Netherlands"]
[Date "2018.05.03"]
[Round "5.1"]
[White "Schoppen, Casper"]
[Black "Warmerdam, Max"]
[Result "0-1"]
[TimeControl "40/90m+30m+30sec/move"]
[WhiteElo "2396"]
[BlackElo "2378"]

1. d4 Nf6 2. c4 g6 3. Nc3 d5 4. Nf3 Bg7 5. h4 c5 6. h5 cxd4 7. h6 Bf8 8. Nxd4 e5 9. Nf3 d4 10.
Nxe5 Nc6 11. Nxc6 bxc6 12. Nb1 Ne4 13. Nd2 Bb4 14. Qc2 Bf5 15. Qa4 Qb6 16. Qb3 O-O-O 17. g4 d3 18. e3 Rhe8 19.
gxf5 Nxf2 20. c5 Qxc5 21. Kxf2 Qxe3+ 22. Kg2 Qg5+ 23. Kf3 Re3+ 24. Kf2 Qg3# 0-1

[Event "NJSK 2018 Jeugd A"]
[Site "Assen, Netherlands"]
[Date "2018.05.03"]
[Round "5.2"]
[White "Kokje, Joris"]
[Black "Pols, Wiggert"]
[Result "1/2-1/2"]
[TimeControl "40/90m+30m+30sec/move"]
[WhiteElo "2265"]
[BlackElo "2068"]

1. d4 Nf6 2. c4 g6 3. g3 Bg7 4. Bg2 O-O 5. Nc3 d6 6. Nf3 c5 7. O-O Nc6 8. dxc5 dxc5 9. Be3 Qa5 10.
Qb3 Be6 11. Ng5 Bd7 12. Rfd1 h6 13. Nge4 Nxe4 14. Nxe4 Nd4 15. Bxd4 cxd4 16. Qxb7 Be6 17. Qxe7 Bxc4 18. Nf6+ Bxf6 19.
Qxf6 Rad8 20. Rxd4 Rxd4 21. Qxd4 Bxe2 22. Qe3 Bc4 23. Qxh6 Bxa2 24. h4 Re8 25. Qc1 Qb4 26. Kh2 Qc4 27.
Qxc4 Bxc4 28. Rxa7 Re2 29. Ra4 Be6 30. Rf4 Rxb2 31. g4 Kg7 32. Kg3 Rc2 33. Ra4 Rc4 34. Rxc4 Bxc4 35. Kf4 f6 36.
g5 fxg5+ 37. hxg5 Be6 38. Ke5 Bd7 39. Bd5 Bc8 40. Be6 Ba6 41. Bd5 Bc8 42. f4 Bd7 43. Kd6 Bc8 44. Ke7 Bf5 45.
Be6 Bd3 46. Bf7 Bc2 47. Be8 Bd3 48. Kd6 Bc2 49. Ke5 Bf5 50. Bc6 Bc8 51. Be4 Bh3 52. f5 gxf5 53. Bxf5 Bf1 54. Ke4 1/2-1/2

[Event "NJSK 2018 Jeugd A"]
[Site "Assen, Netherlands"]
[Date "2018.05.03"]
[Round "5.3"]
[White "Van Baar, Esper"]
[Black "De Boer, Bas"]
[Result "1-0"]
[TimeControl "40/90m+30m+30sec/move"]
[WhiteElo "2237"]
[BlackElo "2159"]

1. e4 c5 2. Nf3 e6 3. c3 Nf6 4. e5 Nd5 5. d4 cxd4 6. cxd4 d6 7. Bc4 Nc6 8. O-O Be7 9. Qe2 Na5 10.
Bxd5 exd5 11. Nc3 Be6 12. exd6 Qxd6 13. Nb5 Qb6 14. Bf4 Rc8 15. Rac1 O-O 16. Nc7 Nc4 17. b3 Rxc7 18. Bxc7 Qxc7 19. bxc4 dxc4 20. Ne5 b5 21. Qe4 Qd6 22. Rfe1 Bd5 23.
Nxc4 bxc4 24. Qxe7 Qg6 25. g3 Qg4 26. Qe3 h5 27. Rc3 Qh3 28. f3 Rb8 29. Qf2 h4 30. Rce3 Rb6 31. g4 Rg6 32.
R1e2 f5 33. Qg2 fxg4 34. Qxh3 gxh3+ 35. Kf1 Rf6 36. Kf2 g5 37. Re8+ Kf7 38. R2e7+ Kg6 39. Re5 Bf7 40. Rd8 g4 41.
Re3 Rf5 42. Rd6+ Kg7 43. Rd7 Kg6 44. Rxa7 Bd5 45. Ra5 g3+ 46. Kg1 Kg5 47. Re5 Rxe5 48. dxe5 Bxf3 49. Rc5 Kf5 50. a4 Ke6 51.
a5 Bb7 52. Rc7 Bd5 53. a6 Kxe5 54. Rc5 Kd4 55. Rxd5+ Kxd5 56. a7 Kd4 57. a8=Q c3 58. Qa1 Kc4 59. Qb1 Kd4 60. Qc2 Kc4 61.
Qe4+ Kb3 62. Qb1+ Kc4 63. Kf1 gxh2 64. Ke2 Kd5 1-0

[Event "NJSK 2018 Jeugd A"]
[Site "Assen, Netherlands"]
[Date "2018.05.03"]
[Round "5.4"]
[White "Nguyen, Kevin"]
[Black "Vrolijk, Liam"]
[Result "1-0"]
[TimeControl "40/90m+30m+30sec/move"]
[WhiteElo "2122"]
[BlackElo "2432"]

1. Nf3 d5 2. g3 g6 3. Bg2 Bg7 4. O-O e5 5. c4 d4 6. d3 a5 7. e3 Ne7 8. exd4 exd4 9. Bf4 Nbc6 10.
Re1 O-O 11. Na3 Bf5 12. Nb5 Rc8 13. Qd2 Re8 14. Bh6 Bh8 15. a3 a4 16. h3 Qd7 17. g4 Be6 18. Qf4 Na5 19. Ne5 Qd8 20.
Nxd4 Qd6 21. c5 Qa6 22. Nxe6 Qxe6 23. Nc6 Nexc6 24. Rxe6 Rxe6 25. Bd5 Re7 26. Qxa4 Re5 27. Bg2 Re2 28.
Rb1 Rxb2 29. Rxb2 Bxb2 30. Bd2 1-0

[Event "NJSK 2018 Jeugd A"]
[Site "Assen, Netherlands"]
[Date "2018.05.03"]
[Round "5.5"]
[White "Mesman, Edwyn"]
[Black "Bekedam, Tyro"]
[Result "1/2-1/2"]
[TimeControl "40/90m+30m+30sec/move"]
[WhiteElo "2082"]
[BlackElo "1955"]

1. Nf3 d5 2. g3 Nf6 3. Bg2 c6 4. O-O Bf5 5. c4 e6 6. Qb3 Qb6 7. d3 Nbd7 8. Nc3 Nc5 9. Qxb6 axb6 10.
Nh4 Nb3 11. Rb1 Nxc1 12. Rfxc1 Bg4 13. h3 Bh5 14. g4 Bg6 15. cxd5 Nxd5 16. Nxd5 exd5 17. a3 1/2-1/2

[Event "NJSK 2018 Jeugd A"]
[Site "Assen, Netherlands"]
[Date "2018.05.03"]
[Round "5.6"]
[White "Gijsen, William"]
[Black "Reichardt, Robin"]
[Result "1/2-1/2"]
[TimeControl "40/90m+30m+30sec/move"]
[WhiteElo "1825"]
[BlackElo "1936"]

1. e4 e5 2. Nf3 Nc6 3. Bc4 Nf6 4. d3 Be7 5. c3 O-O 6. Bb3 d5 7. Nbd2 Bg4 8. O-O dxe4 9. dxe4 Bc5 10.
h3 Bh5 11. Re1 Qe7 12. Qe2 Rad8 13. Nf1 Bg6 14. Bg5 h6 15. Bh4 Bh7 16. Bc2 g5 17. Bg3 Nh5 18. b4 Bb6 19. a4 a5 20.
b5 Nxg3 21. Nxg3 Nb8 22. Nh2 Bg6 23. Ng4 Kh7 24. Ne3 Bxe3 25. Qxe3 Nd7 26. Qf3 1/2-1/2

[Event "NJSK 2018 Jeugd A"]
[Site "Assen, Netherlands"]
[Date "2018.05.03"]
[Round "5.7"]
[White "Van Dael, Siem"]
[Black "Jongste, David"]
[Result "0-1"]
[TimeControl "40/90m+30m+30sec/move"]
[WhiteElo "2268"]
[BlackElo "2092"]

1. e4 c5 2. Nf3 e6 3. d4 cxd4 4. Nxd4 a6 5. Bd3 Qc7 6. O-O Nc6 7. c3 Nf6 8. Nd2 d5 9. Nxc6 bxc6 10.
f4 Be7 11. e5 Nd7 12. Nf3 O-O 13. Kh1 Nc5 14. Bc2 a5 15. Be3 g6 16. g4 Ba6 17. Rg1 Ne4 18. Nd2 Nxd2 19. Qxd2 c5 20.
Rg3 d4 21. cxd4 cxd4 22. Bxd4 Bb7 23. Kg1 Qc6 24. Kf1 Rfd8 0-1

[Event "NJSK 2018 Jeugd A"]
[Site "Assen, Netherlands"]
[Date "2018.05.03"]
[Round "5.8"]
[White "Kanbier, Max"]
[Black "Bueno, Mark"]
[Result "1/2-1/2"]
[TimeControl "40/90m+30m+30sec/move"]
[WhiteElo "1857"]
[BlackElo "1999"]

1. e4 e5 2. Nf3 Nc6 3. Nc3 Nf6 4. Bb5 d6 5. d4 exd4 6. Nxd4 Bd7 7. O-O Nxd4 8. Qxd4 Be7 9. Qd3 O-O 10.
f4 a6 11. Bxd7 Qxd7 12. Be3 Rad8 13. Rad1 Qc6 14. Nd5 Nxd5 15. exd5 Qd7 16. Bd4 f5 17. Rfe1 Bf6 18. Re6 Bxd4+ 19. Qxd4 Rde8 20. Rde1 1/2-1/2

[Event "NJSK 2018 Jeugd A"]
[Site "Assen, Netherlands"]
[Date "2018.05.03"]
[Round "5.9"]
[White "Van Hoorn, Geert"]
[Black "Van der Werf, Joel"]
[Result "1-0"]
[TimeControl "40/90m+30m+30sec/move"]
[WhiteElo "2008"]
[BlackElo "1842"]

1. e4 e5 2. Nf3 Nc6 3. d4 exd4 4.
Nxd4 Nf6 5. Nxc6 bxc6 6. e5 Qe7 7. Qe2 Nd5 8. h4 Rb8 9. c4 Ba6 10. b3 d6 11. exd6 cxd6 12. Qxe7+ Nxe7 13.
Bf4 Ng6 14. Bg3 Kd7 15. Nc3 Re8+ 16. Be2 f5 17. h5 Ne5 18. O-O-O Kc7 19. Rhe1 Bc8 20. Bf1 Bd7 21. c5 Re6 22.
Kc2 Be7 23. Rd4 Re8 24. cxd6+ Bxd6 25. Red1 R8e7 26. b4 g5 27. hxg6 hxg6 28. Bf4 Nf7 29. Bc4 Rf6 30. Bc1 Bxb4 31.
Bxf7 Bxc3 32. Bf4+ Kc8 33. Kxc3 c5 34. Rxd7 Rxd7 35. Rxd7 Kxd7 36. Bb3 Kc6 37. Kc4 Re6 38. Kd3 Re4 39.
g3 Re7 40. Bg5 Rd7+ 41. Kc4 Rb7 42. Be3 Rb4+ 43. Kc3 Kb6 44. Bf7 Rg4 45. Bd5 Kb5 46. Bf4 g5 47. f3 Rxf4 48. gxf4 gxf4 49.
Kb3 a5 50. a4+ 1-0

[Event "NJSK 2018 Jeugd A"]
[Site "Assen, Netherlands"]
[Date "2018.05.04"]
[Round "6.1"]
[White "Warmerdam, Max"]
[Black "Pols, Wiggert"]
[Result "0-1"]
[TimeControl "40/90m+30m+30sec/move"]
[WhiteElo "2378"]
[BlackElo "2068"]

1. d4 Nf6 2. c4 g6 3. g3 Bg7 4. Bg2 O-O 5. Nc3 d6 6. Nf3 c5 7. d5 Na6 8. O-O Nc7 9. a4 e5 10.
e4 Bg4 11. h3 Bd7 12. Be3 b6 13. Ne1 Nh5 14. Kh2 a6 15. Nc2 f5 16. exf5 Bxf5 17. a5 b5 18. b4 bxc4 19. bxc5 Bd3 20.
Be4 dxc5 21. Bxd3 cxd3 22. Qxd3 e4 23. Qc4 Bxc3 24. d6+ Rf7 25. dxc7 Qf6 26. Qxc5 Rc8 27. Bd4 Bxd4 28. Qxd4 Rcxc7 29. Qxf6 Nxf6 30. Nb4 Rc4 31. Rab1 Rc5 32. Ra1 Rb7 33. Ra4 Rc4 34. Rb1 e3 35. Kg2 e2 36. Nd3 Rxb1 37. Rxc4 Rd1 38.
Kf3 Rxd3+ 39. Kxe2 Rd6 40. Rc7 Nd7 41. f4 Kf7 42. g4 Ke6 43. Ke3 Nf6 44. Ra7 Kd5 45. Rf7 Kc6 46. f5 gxf5 47.
gxf5 h6 48. Kf4 Nd7 49. Re7 Kb5 50. Kg4 Kxa5 51. Kh5 Kb5 52. Re6 Rxe6 53. fxe6 Nf6 54. Kxh6 Ne8 55. Kg6 a5 56. Kf7 Nd6+ 57.
Ke7 Kc6 58. h4 a4 59. h5 a3 60. h6 a2 61. h7 a1=Q 62. h8=Q Nf5+ 0-1

[Event "NJSK 2018 Jeugd A"]
[Site "Assen, Netherlands"]
[Date "2018.05.04"]
[Round "6.2"]
[White "Van Baar, Esper"]
[Black "Kokje, Joris"]
[Result "0-1"]
[TimeControl "40/90m+30m+30sec/move"]
[WhiteElo "2237"]
[BlackElo "2265"]

1. e4 c5 2. Nf3 d6 3. d4 cxd4 4. Nxd4 Nf6 5. Nc3 a6 6. h3 e6 7. g4 h6 8. Bg2 g5 9. Be3 Nbd7 10.
Qe2 Ne5 11. O-O-O Nfd7 12. Kb1 b5 13. f4 gxf4 14. Bxf4 Bb7 15. Rhf1 Qc7 16. Qf2 O-O-O 17. Nce2 Rh7 18. Ng3 Bg7 19.
Nh5 Bh8 20. Bc1 Kb8 21. Qe2 Rc8 22. Rf2 Qb6 23. Nf3 Nc4 24. Ne1 Bd4 25. Rf1 Be3 26. Nd3 Bxc1 27. Rxc1 a5 28. Nf6 Nxf6 29.
Rxf6 Qd4 30. Rcf1 Rc7 31. c3 Qb6 32. Qf2 Qa6 33. Rd1 b4 34. cxb4 Qb5 35. Qe1 axb4 36. Qxb4 Qxb4 37. Nxb4 Ne3 38.
Rxd6 Nxg2 39. Na6+ Bxa6 40. Rxa6 h5 41. g5 Rg7 42. Ra5 Rg8 43. b4 Rd8 44. Rf3 Rd4 45. Rb5+ Kc8 46. a3 Rxe4 47.
g6 fxg6 48. Rf8+ Kd7 49. Rf7+ Kd6 0-1

[Event "NJSK 2018 Jeugd A"]
[Site "Assen, Netherlands"]
[Date "2018.05.04"]
[Round "6.3"]
[White "Nguyen, Kevin"]
[Black "Schoppen, Casper"]
[Result "0-1"]
[TimeControl "40/90m+30m+30sec/move"]
[WhiteElo "2122"]
[BlackElo "2396"]

1. Nf3 d5 2. g3 Nf6 3. Bg2 e6 4. O-O Be7 5. d3 c5 6. Nbd2 Nc6 7. c4 d4 8. Re1 O-O 9. Nf1 e5 10.
e4 Ne8 11. h4 a6 12. N1h2 b5 13. b3 Nf6 14. Ng5 h6 15. Nh3 bxc4 16. bxc4 Rb8 17. f4 Qa5 18. Bd2 Qa3 19. Nf2 Bd7 20.
f5 Nb4 21. Bc1 Qa4 22. Rb1 Qxd1 23. Rxd1 Nxa2 24. Ra1 Nxc1 25. Rdxc1 Ra8 26. Nf3 Bd6 27. Nd2 Rfb8 28. Ra2 a5 29.
Bf3 Bc7 30. Rca1 a4 31. Bd1 Ba5 32. Nb1 Be1 33. Kf1 Bxf2 34. Kxf2 Rb4 35. Nd2 h5 36. Nb3 Ng4+ 37. Kg1 Ne3 38.
Nxc5 Nxd1 39. Rxd1 Bc6 40. Rf1 Ra5 41. Ne6 fxe6 42. fxe6 Ra7 43. Raf2 Rb8 0-1

[Event "NJSK 2018 Jeugd A"]
[Site "Assen, Netherlands"]
[Date "2018.05.04"]
[Round "6.4"]
[White "Vrolijk, Liam"]
[Black "Reichardt, Robin"]
[Result "1-0"]
[TimeControl "40/90m+30m+30sec/move"]
[WhiteElo "2432"]
[BlackElo "1936"]

1. Nf3 d5 2. e3 Nf6 3. c4 c6 4. d4 e6 5. b3 Nbd7 6. Bb2 b6 7. Bd3 Be7 8. O-O O-O 9. Nc3 Bb7 10.
Qc2 Rc8 11. Rad1 Qc7 12. Rfe1 Rfd8 13. Ne5 dxc4 14. bxc4 c5 15. Nxd7 Rxd7 16. d5 Rcd8 17. Nb5 Qb8 18. dxe6 fxe6 19.
Bxf6 Bxf6 20. Bxh7+ Kf8 21. Rxd7 Rxd7 22. Rd1 Qd8 23. Rxd7 Qxd7 24. Nxa7 Ba6 25. Nb5 Bxb5 26. cxb5 Qxb5 27.
Bd3 Qb4 28. a4 Qc3 29. Qxc3 Bxc3 30. g3 Ke7 31. f4 Bd2 32. Kf2 Kd6 33. Bc4 e5 34. Kf3 exf4 35. gxf4 Bc3 36. h4 Ke7 37.
h5 Kf6 38. e4 g5 39. hxg6 Kxg6 40. e5 Kf5 41. Bd3+ Ke6 42. Ke4 1-0

[Event "NJSK 2018 Jeugd A"]
[Site "Assen, Netherlands"]
[Date "2018.05.04"]
[Round "6.5"]
[White "Jongste, David"]
[Black "Mesman, Edwyn"]
[Result "0-1"]
[TimeControl "40/90m+30m+30sec/move"]
[WhiteElo "2092"]
[BlackElo "2082"]

1. e4 c5 2. Nf3 d6 3. d4 cxd4 4. Nxd4 Nf6 5. Nc3 a6 6. h3 e6 7. g4 h6 8. Bg2 g5 9. Be3 Nbd7 10.
Qe2 Ne5 11. O-O-O Nfd7 12. Kb1 b5 13. Nf5 Qc7 14. h4 Rg8 15. hxg5 hxg5 16. Bxg5 Rxg5 17. f4 Rg8 18. fxe5 Nxe5 19.
Rhe1 Bb7 20. Ne3 O-O-O 21. a4 bxa4 22. Nxa4 Kb8 23. Nc3 Rc8 24. Rd4 Qb6 25. Red1 Rxc3 0-1

[Event "NJSK 2018 Jeugd A"]
[Site "Assen, Netherlands"]
[Date "2018.05.04"]
[Round "6.6"]
[White "Bekedam, Tyro"]
[Black "Kanbier, Max"]
[Result "1/2-1/2"]
[TimeControl "40/90m+30m+30sec/move"]
[WhiteElo "1955"]
[BlackElo "1857"]

1. e4 c6 2. d4 d5 3. e5 c5 4. dxc5 Nc6 5. f4 e6 6. Be3 d4 7. Bf2 Bxc5 8. Nd2 Nge7 9. a3 a5 10.
Ne4 b6 11. Bd3 Bb7 12. Qg4 g6 13. Nf6+ Kf8 14. Nf3 h5 15. Qh3 Nd5 16. Nxd5 Qxd5 17. O-O Ne7 18. Rad1 Qd7 19. c3 Nd5 20.
Nxd4 Nxf4 21. Nxe6+ Nxe6 22. Bxg6 Qxd1 23. Rxd1 Rg8 24. Bxf7 Rxg2+ 25. Qxg2 Bxg2 26. Bxe6 Ke7 27. Bxc5+ Kxe6 28.
Bxb6 Rg8 29. Kf2 Bd5 30. Ke3 Rb8 31. Bxa5 Rxb2 32. h4 Ra2 33. Bb4 Rh2 34. Rd4 Rh3+ 35. Kf4 Rxh4+ 36. Kg5 Rh3 37.
c4 Bf3 38. Bd6 Rg3+ 39. Kh4 Rg4 40. Rxg4 hxg4 41. a4 Kf5 42. Kg3 Ba8 43. a5 Bb7 44. Kf2 Bc6 45. a6 Ba8 46. a7 Bb7 47.
c5 Ba8 48. Kg3 Bc6 49. Be7 Kxe5 50. Kxg4 Ke6 51. Bd6 Kd7 52. Kf5 Kc8 53. Ke6 Kb7 54. Bb8 Bh1 55. Kd6 Ka8 56. Kc7 Bc6 57.
Kb6 Bh1 58. Bh2 Bg2 59. Bg1 Bh1 60. Bf2 Bg2 61. Kb5 Kxa7 62. c6+ Kb8 63. Bg3+ Kc8 64. c7 Bh1 65. Kb6 Bg2 66. Bh4 1/2-1/2

[Event "NJSK 2018 Jeugd A"]
[Site "Assen, Netherlands"]
[Date "2018.05.04"]
[Round "6.7"]
[White "De Boer, Bas"]
[Black "Bueno, Mark"]
[Result "1-0"]
[TimeControl "40/90m+30m+30sec/move"]
[WhiteElo "2159"]
[BlackElo "1999"]

1. Nf3 Nf6 2. c4 b6 3. g3 Bb7 4. Bg2 e6 5. O-O Be7 6. Nc3 Ne4 7. Qc2 Nxc3 8. Qxc3 O-O 9. d4 f5 10.
b3 Bf6 11. Bb2 Qe7 12. Qd2 d6 13. a4 a5 14. Rac1 Nd7 15. Rfd1 Rfe8 16. Ba3 Rad8 17. b4 axb4 18. Bxb4 c5 19.
Bc3 Be4 20. d5 exd5 21. cxd5 Ra8 22. Ra1 Ra7 23. Bf1 Rea8 24. Ne1 f4 25. f3 Bg6 26. gxf4 Rxa4 27. Rxa4 Rxa4 28. e4 Be8 29.
Bb5 Bxc3 30. Qxc3 Rb4 31. Bc6 Nb8 32. Nc2 Ra4 33. Bxa4 Bxa4 34. Ra1 b5 35. Ne3 Nd7 36. Nf5 Qf8 37.
Kf2 g6 38. Rg1 Kf7 39. Ng3 Qh6 40. e5 Ke7 41. exd6+ Kxd6 42. Ne4+ Kc7 43. Qa5+ Kb7 44. Nd6+ 1-0

[Event "NJSK 2018 Jeugd A"]
[Site "Assen, Netherlands"]
[Date "2018.05.04"]
[Round "6.8"]
[White "Van Hoorn, Geert"]
[Black "Gijsen, William"]
[Result "1-0"]
[TimeControl "40/90m+30m+30sec/move"]
[WhiteElo "2008"]
[BlackElo "1825"]

1. e4 c5 2. Ne2 Nc6 3. g3 d6 4.
Bg2 g6 5. O-O Bg7 6. c3 e5 7. d3 Nge7 8. f4 O-O 9. Be3 b6 10. d4 Rb8 11. Qd2 Bg4 12. fxe5 cxd4 13. cxd4 dxe5 14.
d5 Na5 15. Na3 Qd7 16. Rac1 Nc8 17. b4 Nb7 18. Rc6 Ne7 19. b5 Nd6 20. Nc3 Rbc8 21. Rc1 f5 22. Bg5 f4 23. gxf4 exf4 24.
Bxf4 Nxc6 25. dxc6 Bxc3 26. Rxc3 Qg7 27. Bxd6 Rfd8 28. Qd5+ Kh8 29. Be5 1-0

[Event "NJSK 2018 Jeugd A"]
[Site "Assen, Netherlands"]
[Date "2018.05.04"]
[Round "6.9"]
[White "Van der Werf, Joel"]
[Black "Van Dael, Siem"]
[Result "1-0"]
[TimeControl "40/90m+30m+30sec/move"]
[WhiteElo "1842"]
[BlackElo "2268"]

1. d4 Nf6 2. c4 e6 3. g3 d5 4. Nf3 c6 5. Bg2 Bd6 6. O-O Nbd7 7. Nbd2 O-O 8. Qc2 Re8 9. e4 Nxe4 10.
Nxe4 dxe4 11. Qxe4 e5 12. dxe5 Nxe5 13. Nxe5 Bxe5 14. Qc2 Qf6 15. a4 Bf5 16. Qb3 Re7 17. a5 Rd8 18. Be3 Rd3 19.
Rad1 Red7 20. Rxd3 Bxd3 21. Re1 h6 22. Bxa7 Bxb2 23. Bh3 Rd8 24. Bb6 Bd4 25. Bxd4 Qxd4 26. Rd1 Re8 27. Rxd3 Qa1+ 28.
Rd1 Re1+ 29. Rxe1 Qxe1+ 30. Bf1 1-0

[Event "NJSK 2018 Jeugd A"]
[Site "Assen, Netherlands"]
[Date "2018.05.05"]
[Round "7.1"]
[White "Schoppen, Casper"]
[Black "Kokje, Joris"]
[Result "1-0"]
[TimeControl "40/90m+30m+30sec/move"]
[WhiteElo "2396"]
[BlackElo "2265"]

1. e4 c5 2. Nf3 d6 3. d4 cxd4 4. Nxd4 Nf6 5. Nc3 a6 6. h3 e6 7. g4 h6 8. Bg2 g5 9. b3 Nbd7 10.
Bb2 Ne5 11. Qd2 b5 12. a4 bxa4 13. Nxa4 Bb7 14. O-O-O Qc7 15. Nc3 Nfd7 16. Kb1 Rb8 17. Nf3 Be7 18. h4 Rg8 19. hxg5 hxg5 20.
Nxe5 Nxe5 21. Rh3 Nxg4 22. Rg3 Nf6 23. e5 dxe5 24. Bxb7 Qxb7 25. Rxg5 Rd8 26. Rxg8+ Nxg8 27. Qe2 Rxd1+ 28. Nxd1 e4 29. Qg4 Nf6 30. Qh4 Qd5 31. Qh8+ Kd7 32. Ne3 Qg5 33. Qa8 Qb5 34. Nc4 Ng4 35. Qxe4 f5 36. Qd4+ Kc7 37.
Qg7 Qd7 38. f3 1-0

[Event "NJSK 2018 Jeugd A"]
[Site "Assen, Netherlands"]
[Date "2018.05.05"]
[Round "7.2"]
[White "Vrolijk, Liam"]
[Black "Warmerdam, Max"]
[Result "1/2-1/2"]
[TimeControl "40/90m+30m+30sec/move"]
[WhiteElo "2432"]
[BlackElo "2378"]

1. Nf3 Nf6 2. c4 c5 3. Nc3 d5 4. cxd5 Nxd5 5. e3 Nxc3 6. dxc3 Qc7 7. e4 Nc6 8. Be2 e6 9. O-O Bd6 10.
Be3 O-O 11. Qc2 b6 12. Rad1 Bb7 13. g3 Rad8 14. Nd2 Be7 15. Bf4 Bd6 16. Bxd6 Rxd6 17. Nc4 Rdd8 18. Ne3 Ne5 19. f4 Nc6 20.
Rxd8 Rxd8 21. Rd1 g5 22. e5 gxf4 23. gxf4 Ne7 24. Rxd8+ Qxd8 25. Qd3 Qxd3 26. Bxd3 Nd5 27. Nxd5 Bxd5 28.
a3 h6 29. Kf2 f6 30. Kg3 Kg7 31. b4 fxe5 32. fxe5 Bb3 33. Kf4 Kf7 34. Ke3 a5 35. bxa5 bxa5 36. Ke4 1/2-1/2

[Event "NJSK 2018 Jeugd A"]
[Site "Assen, Netherlands"]
[Date "2018.05.05"]
[Round "7.3"]
[White "Pols, Wiggert"]
[Black "De Boer, Bas"]
[Result "1-0"]
[TimeControl "40/90m+30m+30sec/move"]
[WhiteElo "2068"]
[BlackElo "2159"]

1. e4 c5 2. Nc3 Nc6 3. g3 g6 4. Bg2 Bg7 5. d3 d6 6. Nge2 Rb8 7. O-O b5 8. a3 a5 9. f4 b4 10.
axb4 axb4 11. Nd5 Nd4 12. Ne3 e6 13. g4 Ne7 14. Ng3 O-O 15. f5 Nec6 16. g5 exf5 17. exf5 Qxg5 18. f6 Bh6 19.
Nef5 Qxc1 20. Rxc1 gxf5 21. Bxc6 Nxc6 22. Nxf5 Bxf5 23. Rxf5 Kh8 24. Ra1 Nd4 25. Rf1 Rbe8 26. Kh1 b3 27.
Qh5 Be3 28. c3 Nc6 29. Rae1 Nd8 30. Rxe3 1-0

[Event "NJSK 2018 Jeugd A"]
[Site "Assen, Netherlands"]
[Date "2018.05.05"]
[Round "7.4"]
[White "Mesman, Edwyn"]
[Black "Van Baar, Esper"]
[Result "0-1"]
[TimeControl "40/90m+30m+30sec/move"]
[WhiteElo "2082"]
[BlackElo "2237"]

1. d4 d6 2. Bf4 Nf6 3. e3 g6 4. Nf3 Bg7 5. Be2 O-O 6. h3 c5 7. Nbd2 b6 8. O-O Bb7 9. c3 Nbd7 10.
a4 a6 11. Bh2 Ra7 12. b4 cxb4 13. cxb4 Qa8 14. Qb3 Rc8 15. Rac1 Bd5 16. Bc4 Rac7 17. Bxd5 Qxd5 18. Qb2 b5 19. axb5 axb5 20. Rxc7 Rxc7 21.
Rc1 Qb7 22. Bg3 Nb6 23. Rxc7 Qxc7 24. Qa2 Na4 25. Ng5 Qc1+ 26. Kh2 d5 27. Ngf3 Qc3 28. Be5 Qxb4 29. Bxf6 Bxf6 30. Qxd5 Qd6 31.
Qxd6 exd6 32. e4 Nc3 33. e5 dxe5 34. dxe5 Be7 35. Nb3 Ba3 36. Nfd4 Bb2 37. Kg3 Ne4+ 38. Kf3 Nd2+ 39. Nxd2 Bxd4 40.
Nb3 Bxe5 41. Ke4 Bc3 42. Kd5 Kg7 43. Nc5 f5 44. Nd3 Kf6 45. Kc5 Ke6 46. Kxb5 Kd5 47. Nf4 Ke4 48. Kc4 Bd4 49.
Ne6 Bxf2 50. Ng5 Kf4 51. Nxh7 Bh4 52. Nf8 Kg5 53. Kd5 Kf6 54. Nd7+ Kg5 55. Nf8 Be1 56. Kd4 Bb4 57. Ne6+ Kh4 58.
Nf4 g5 59. Ne2 Bd6 60. Ke3 Bc5+ 0-1